AoeStats
← ELPURE

Arabia

506542336Analyzed
1v1 RM · 18d ago on Sep 14, 2026· 25m 23s· 2 players
Game mode
Random Map
Map size
Tiny (2 player)
Population
200
Speed
Normal
Resources
Standard
Victory
Conquest
Starting age
Dark Age
Ending age
Imperial Age
RankedLock teamsTeams togetherTeam positionsShared explorationLock speedFull tech treeHidden civsTurbo modeCheats
Victory
Defeat
🇺🇸 Dravidians · United States
1919
+20
🇨🇦 Bohemians · Canada
2006
-20
ELPURE
6:47 Loom
12:39 Feudal Age
17:17 Castle Age
16:15 Fletching
16:10 Horse Collar
16:45 Double-Bit Axe
18:09 Bodkin Arrow
18:35 Crossbowman
21:00 Ballistics
LilyBear
6:31 Loom
8:37 Feudal Age
9:20 Double-Bit Axe
10:46 Horse Collar
11:49 Town Watch
18:45 Castle Age
20:28 Bow Saw
Connection lost

Rejoining the realm…

Still unreachable

The connection could not be restored.

Session expired

The server has moved on; the page needs a fresh start.